 Dungeon Crawl Stone Soup version 0.28-a0-1080-g05a166d0ed (webtiles) character file.

Game seed: 6927275929213207314

392 ragingrage the Cudgeller (level 6, -2/38 HPs)
             Began as a Gargoyle Warper on Dec 9, 2021.
             Slain by an ogre (19 damage)
             ... on level 5 of the Dungeon.
             The game lasted 00:04:38 (3988 turns).

ragingrage the Cudgeller (Gargoyle Warper)          Turns: 3988, Time: 00:04:39

Health: -2/38      AC:  8    Str: 15    XL:     6   Next: 81%
Magic:  9/9        EV:  8    Int: 13    God:
Gold:   195        SH:  6    Dex: 11    Spells: 7/9 levels left

rFire   . . .      SeeInvis .   b - +2 dagger (venom)
rCold   . . .      Faith    .   h - +0 kite shield
rNeg    + . .      Spirit   .   k - +0 leather armour
rPois   ∞          Reflect  .   l - +0 helmet
rElec   +          Harm     .   (no cloak)
rCorr   .          Rampage  .   (no gloves)
Will    .....                   (no boots)
Stlth   +.........              (no amulet)
HPRegen 0.12/turn               e - ring of wizardry
MPRegen 0.11/turn               (no ring)

@: no status effects
A: sickness immunity, AC +4, negative energy resistance 1, electricity
resistance, torment resistance 1, petrification resistance
a: no special abilities


You were on level 5 of the Dungeon.
You visited 1 branch of the dungeon, and saw 5 of its levels.

You collected 195 gold pieces.

Inventory:

Hand Weapons
 a - a +2 flail of protection
 b - a +2 dagger of venom (weapon)
 o - a +0 morningstar
Missiles
 d - 5 boomerangs of dispersal
 f - 4 curare-tipped darts (quivered)
 i - 3 javelins
Armour
 h - a +0 kite shield (worn)
 k - a +0 leather armour (worn)
 l - a +0 helmet (worn)
Jewellery
 e - a ring of wizardry (left hand)
Scrolls
 c - 2 scrolls of blinking
 j - 2 scrolls of magic mapping
 p - a scroll of teleportation {unknown}
 q - a scroll of immolation {unknown}
 r - a scroll of identify {unknown}
 t - a scroll of fear {unknown}
Potions
 g - a potion of degeneration {unknown}
 m - 2 potions of curing {unknown}
 n - a potion of heal wounds {unknown}
 s - 3 potions of might {unknown}


   Skills:
 + Level 4.1 Fighting
 * Level 6.2 Maces & Flails
 - Level 0.8 Throwing
 - Level 1.1 Armour
 - Level 1.5 Dodging
 - Level 2.0 Spellcasting
 - Level 2.6 Translocations


You had 7 spell levels left.
You knew the following spells:

 Your Spells              Type           Power      Damage    Failure   Level
a - Blink                 Tloc           16%        N/A       38%         2

Your spell library contained the following spells:

 Spells                   Type           Power      Damage    Failure   Level
 Slow                     Hex            4%         N/A       61%         1
 Gell's Gravitas          Tloc           8%         N/A       61%         3
 Lesser Beckoning         Tloc           8%         N/A       61%         3
 Teleport Other           Tloc           8%         N/A       61%         3
 Confusing Touch          Hex            1%         N/A       92%         3
 Manifold Assault         Tloc           8%         N/A       100%        5
 Yara's Violent Unravell  Hex/Tmut       0%         3d3       100%        5


Dungeon Overview and Level Annotations

Branches:
Dungeon (5/15)
 Temple: D:4-7

Altars:
Trog
Uskayaw

Shops:
D:3 =

Annotations:
D:3 exclusion: 2 downstairs
D:4 Blork the orc, Sigmund


Innate Abilities, Weirdness & Mutations

You are immune to sickness and miasma.
Your stone body is resilient. (AC +4)
You are immune to poison.
You resist negative energy. (rN+)
You are resistant to electric shocks. (rElec)
You are resistant to unholy torment.
You are immune to petrification.


Message History

You hit the scorpion but do no damage.
The scorpion is poisoned.
You block the scorpion's attack. The scorpion barely misses you.
You hit the scorpion but do no damage.
The scorpion looks as sick as possible!
The scorpion is lightly wounded.
The scorpion closely misses you. You block the scorpion's attack.
You hit the scorpion.
The scorpion is heavily wounded.
You block the scorpion's attack.
You hit the scorpion but do no damage.
The scorpion looks as sick as possible!
The scorpion is almost dead.
You kill the scorpion!
Your Fighting skill increases to level 4!
No target in view!
You see here a scorpion corpse.
You start resting.
HP restored.
There is a stone staircase leading up here.
You open the door.
There is an open door here.
Found a dagger.
An ogre comes into view. It is wielding a +0 giant club.
Found a battleaxe.
You see here a scroll of blinking.
An ogre is nearby!
Throw: 5 darts (curare)
Press: ? - help, Q - select action, (/) - cycle Shift-Dir - straight line, f - ogre
Aim: an ogre, wielding a +0 giant club (72% to hit)
You throw a curare-tipped dart. The curare-tipped dart hits the ogre.
The ogre is poisoned.
The ogre convulses.
The ogre seems to slow down.
The ogre is moderately wounded.
The ogre hits you with a +0 giant club!!
Ouch! That really hurt!
You hit the ogre but do no damage.
The ogre looks as sick as possible!
The ogre is moderately wounded.
You barely miss the ogre.
The ogre is heavily wounded.
The ogre hits you with a +0 giant club!!
Ouch! That really hurt!
You die...

#.# #.# #.# #.# #.#
#.# #.# #.#### ##.##
#.##?##
#...#########.#?..####
..................)..+
#...#####.###.....####
#..## #.# ####@## #.##
#.# #O# #.# #.. ..#
#.# ### ##(# #.# #)#
#.# #.# #.# #.#


You could see an ogre (extremely poisoned, slow).

Vanquished Creatures
  A necrophage (D:4)
  2 scorpions
  Natasha (twice) (D:2)
  Robin (D:2)
  3 gnolls
  2 adders
  2 worms
  3 dart slugs
  7 orcs
  5 endoplasms
  2 giant cockroaches
  6 hobgoblins
  6 kobolds
  4 quokkas
  5 ball pythons
  A bat (D:2)
  3 frilled lizards
  10 goblins
  6 rats
71 creatures vanquished.

Vanquished Creatures (others)
  A plant (D:4)
1 creature vanquished.

Grand Total: 72 creatures vanquished

Notes
Turn   | Place    | Note
-------+----------+-------------------------------------------
     0 | D:1      | ragingrage the Gargoyle Warper began the quest for the Orb.
     0 | D:1      | Reached XP level 1. HP: 12/12 MP: 3/3
   452 | D:1      | Reached XP level 2. HP: 17/17 MP: 5/5
   646 | D:1      | Reached skill level 3 in Maces & Flails
   911 | D:1      | Reached XP level 3. HP: 21/21 MP: 6/6
  1172 | D:1      | Learned a level 2 spell: Blink
  1718 | D:2      | Noticed Robin
  1724 | D:2      | Killed Robin
  1725 | D:2      | Reached skill level 4 in Maces & Flails
  1922 | D:2      | Reached XP level 4. HP: 24/26 MP: 7/7
  2081 | D:3      | Found Vinn's Jewellery Shop.
  2101 | D:2      | Noticed Natasha
  2109 | D:2      | Killed Natasha
  2190 | D:2      | Reached XP level 5. HP: 27/31 MP: 8/8
  2291 | D:2      | Found a faded altar of an unknown god.
  2318 | D:2      | Noticed Natasha
  2330 | D:2      | Killed Natasha
  2552 | D:2      | Noticed a black bear
  2673 | D:3      | Reached skill level 5 in Maces & Flails
  2965 | D:3      | Found a bloodstained altar of Trog.
  3291 | D:4      | Noticed Blork the orc
  3330 | D:4      | Noticed a necrophage
  3484 | D:4      | Killed a necrophage
  3485 | D:4      | Reached XP level 6. HP: 30/38 MP: 9/9
  3603 | D:4      | Found a hide-covered altar of Uskayaw.
  3621 | D:4      | Reached skill level 6 in Maces & Flails
  3780 | D:4      | Noticed Sigmund
  3820 | D:5      | Entered Level 5 of the Dungeon
  3988 | D:5      | Slain by an ogre

Illustrated notes

Levels and vault maps discovered:
D:1:      shiori_shiawase, layout_basic, minmay_misc_feat_square
D:2:      layout_loops_ring, dreamdust_ecumenical_altar_statues,
          corexii_leaking_fountain, uniq_natasha, uniq_robin
D:3:      layout_basic, trog_three_pillars_becter, serial_shops, shop
D:4:      layout_rooms, kennysheep_mini, old_standard_altar,
          sigmund_edmund_badplayer, uniq_blork_the_orc
D:5:      layout_loops_corners, minmay_temple_entry_junction,
          grunt_decor_one_mirror, minmay_liquid_box, nicolae_take_the_stairs

Skill      XL: |  1  2  3  4  5  6 |
---------------+-------------------+-----
Maces & Flails | 3 4 5 6 |  6.2
Fighting       | 3 4 |  4.1
Throwing       | |  0.8
Armour         | |  1.1
Dodging        | |  1.5
Spellcasting   | |  2.0
Translocations | |  2.6

Action                   |  1- 3 |  4- 6 || total
-------------------------+-------+-------++-------
Melee: Mace              |    98 |       ||    98
       Dagger            |     8 |   140 ||   148
       Flail             |       |    12 ||    12
Throw: Dart              |     4 |     1 ||     5
  Use: Scroll            |       |     3 ||     3
Armor: Leather armour    |    35 |    51 ||    86
Dodge: Dodged            |    55 |    68 ||   123
Block: Kite shield       |       |    30 ||    30

Table legend: (Time is in decaauts)
 A = Elapsed time spent in this place.
 B = Non-inter-level travel time spent in this place.
 C = Inter-level travel time spent in this place.
 D = Time resting spent in this place.
 E = Time spent auto-exploring this place.
 F = Levels seen in this place.
 G = Mean time per level.
                   A        B        C        D        E       F      G
               +--------+--------+--------+--------+--------+-----+--------+
         Total |   4043 |   3787 |    256 |    662 |   2324 |   5 |  808.6 |
       Dungeon |   4043 |   3787 |    256 |    662 |   2324 |   5 |  808.6 |
               +--------+--------+--------+--------+--------+-----+--------+

Top non-repeatable levels by time:
     D:2: 1330 daAuts
     D:1: 1270 daAuts
     D:3: 805 daAuts
     D:4: 466 daAuts
     D:5: 170 daAuts
